 Dungeon Crawl Stone Soup version 0.27.1-34-g3ba077fa99 (webtiles) character file.

Game seed: 6974213335018867733

8792 LLlMATKO the Fighter (level 11, -7/101 HPs)
             Began as a Minotaur Berserker on Jan 17, 2022.
             Was an Elder of Trog.
             Mangled by an orc (8 damage)
             ... in a bailey on Jan 18, 2022.
             The game lasted 00:11:30 (14695 turns).

LLlMATKO the Fighter (Minotaur Berserker)          Turns: 14695, Time: 00:11:31

Health: -7/101     AC: 15    Str: 22    XL:     11   Next: 14%
Magic:  10/10      EV: 12    Int:  4    God:    Trog [****..]
Gold:   306        SH: 33    Dex: 13    Spells: 10/10 levels left

rFire    . . .     SeeInvis .   j - +0 war axe
rCold    . . .     Faith    .   L - +18 shield of the Gong {rElec rN+ Will+ EV-5}
rNeg     + . .     Spirit   .   l - +0 chain mail
rPois    .         Reflect  +   (helmet restricted)
rElec    +         Harm     .   K - +2 cloak {rCorr}
rCorr    +         Rampage  .   (no gloves)
Will     +....                  (no boots)
Stlth    ..........             m - amulet of reflection
HPRegen  0.26/turn              w - +4 ring of evasion
MPRegen  0.12/turn              x - +4 ring of evasion

@: on berserk cooldown, slowed, very slow
A: horns 2, retaliatory headbutt
a: Renounce Religion, Berserk, Trog's Hand, Brothers in Arms


You were in a bailey.
You worshipped Trog.
Trog was greatly pleased with you.
You visited 1 branch of the dungeon, and saw 8 of its levels.
You also visited: Bailey.

You collected 373 gold pieces.
You spent 67 gold pieces at shops.

Inventory:

Hand Weapons
 f - a +3 spear
 j - a +0 war axe (weapon)
 J - the +11 great sword of Gozag's Wrath {vorpal, Dex+3 Stlth+}
   (You took it off an orc wizard on level 7 of the Dungeon)

   It inflicts extra damage upon your enemies.
   Dex:       It affects your dexterity (+3).
   Stlth:     It makes you more stealthy.
Missiles
 c - 125 stones (quivered)
 o - 45 bolts
 G - 5 javelins
Armour
 e - a +0 ring mail of cold resistance
 l - a +0 chain mail (worn)
 K - a +2 cloak of preservation (worn)
 L - the +18 shield of the Gong (worn) {rElec rN+ Will+ EV-5}
   (You found it on level 7 of the Dungeon)

   It is deafeningly noisy when blocking attacks.
   EV:        It affects your evasion (-5).
   rElec:     It insulates you from electricity.
   rN:        It protects you from negative energy.
   Will:      It increases your willpower.
Jewellery
 m - an amulet of reflection (around neck)
 w - a +4 ring of evasion (left hand)
 x - a +4 ring of evasion (right hand)
 A - a +6 ring of strength
Wands
 s - a wand of flame (18)
 F - a wand of acid (9)
Scrolls
 a - 8 scrolls of identify
 g - 2 scrolls of amnesia
 h - a scroll of fog
 i - 4 scrolls of magic mapping
 n - 3 scrolls of teleportation {unknown}
 p - 2 scrolls of vulnerability {unknown}
 r - a scroll of acquirement {unknown}
 u - a scroll of blinking {unknown}
 v - a scroll of enchant armour {unknown}
 y - a scroll of noise {unknown}
 C - 3 scrolls of enchant weapon {unknown}
 E - a scroll of summoning {unknown}
 I - a scroll of immolation {unknown}
Potions
 b - a potion of mutation {unknown}
 d - a potion of curing {unknown}
 k - a potion of might {unknown}
 q - 2 potions of flight {unknown}
 z - 2 potions of haste {unknown}
 B - a potion of attraction {unknown}
 D - 2 potions of heal wounds {unknown}


   Skills:
 + Level 10.7 Fighting
 + Level 10.7 Axes
 + Level 10.4 Armour
 + Level 9.6 Dodging
 + Level 3.9 Shields


You had 10 spell levels left.
You didn't know any spells.
Your spell library was empty.

Dungeon Overview and Level Annotations

Branches:
Dungeon (8/15)             Temple (0/1) D:4          Bailey (1/1)
   Lair: D:8-11

Altars:
Cheibriados
Elyvilon
Ru

Shops:
D:3 [   D:7 *

Annotations:
D:8 2 transporters, PanSaczeczos's ghost, novice MiAM


Innate Abilities, Weirdness & Mutations

You have a pair of horns on your head.
You reflexively headbutt those who attack you in melee.


Message History

The orc warriors go into a battle-frenzy!
You block the orc warrior's attack.
GONNNNG!
The orc hits you from afar with a +0 halberd.
* * * LOW HITPOINT WARNING * * *
The orc no longer looks unusually strong.
The orc knight roars a battlecry!
The orc goes into a battle-frenzy!
The orc knight misses you. You block the orc warrior's attack.
GONNNNG!
There is a gate leading back out of this place, spattered with blood here.
The orc warrior no longer looks unusually strong.
You block the orc's attack.
PTOANNNG!
The orc knight roars a battlecry!
The orc warrior goes into a battle-frenzy!
You block the orc warrior's attack.
BONNNG!
The orc warrior completely misses you. You block the orc's attack.
GONNNNG!
There is an empty arch of ancient stone here.
You hit the orc knight but do no damage.
You slash the orc warrior! You hit the orc.
The orc knight no longer looks unusually strong.
The orc knight roars a battlecry!
The orc knight goes into a battle-frenzy!
You block the orc warrior's attack.
BOUMMMMG!
You block the orc warrior's attack.
GONNNNG!
You block the orc's attack.
SHROANNG!
You block the orc knight's attack.
BONNNG!
You block the orc warrior's attack.
SHROANNG!
The orc warrior hits you with a +0 halberd!
* * * LOW HITPOINT WARNING * * *
The orc hits you with a +0 halberd!
You die...

### ##### ##∩##
######
.....##...##.....#
.≈≈≈..#...#..≈≈≈..
≈≈.≈≈.).....≈≈o≈≈.
≈)∩o≈..))...≈oo.≈.
≈≈o≈≈....o..≈≈o≈≈.
.≈≈≈..#ooo#..≈≈≈o.
..o.. #.@.##.....#
#### ##∩## ######
###


You could see 2 orc knights, 3 orc warriors and 2 orcs.

Vanquished Creatures
  4 two-headed ogres
  Pikel (D:8)
  2 orc knights (Bailey)
  A deep elf pyromancer (D:7)
  A komodo dragon (D:7)
  Sigmund (D:2)
  A shadow (D:7)
  A wraith (D:7)
  Menkaure (D:7)
  2 water moccasins (D:6)
  6 orc warriors
  2 hornet zombies
  2 black bears (D:7)
  3 ogres
  3 sky beasts
  6 centaurs
  A lemure (D:8)
  A phantom (D:6)
  A kobold brigand (D:7)
  A bullfrog (D:7)
  2 water moccasin zombies (D:5)
  2 wyvern skeletons
  A howler monkey (D:7)
  2 electric eels (D:7)
  3 bullfrog zombies
  2 hounds
  3 jellies
  A centaur zombie (D:6)
  A gnoll shaman (D:6)
  A bullfrog skeleton (D:5)
  An orc priest (D:6)
  3 centaur skeletons
  Jessica (D:2)
  3 iguanas (D:5)
  4 orc wizards
  3 killer bee zombies
  2 hound zombies (D:5)
  A hound skeleton (D:5)
  7 gnolls
  2 howler monkey skeletons
  9 adders
  2 shadow imps
  2 white imps (D:7)
  2 ufetubi (D:4)
  2 adder skeletons (D:4)
  An adder zombie (D:5)
  3 worms
  4 dart slugs
  21 orcs
  9 bats
  6 endoplasms
  3 giant cockroaches
  4 goblins
  3 hobgoblins
  7 jackals (D:1)
  7 ball pythons
  9 kobolds
  11 rats
191 creatures vanquished.

Vanquished Creatures (others)
  3 withered plants (D:5)
3 creatures vanquished.

Grand Total: 194 creatures vanquished

Notes
Turn   | Place    | Note
-------+----------+-------------------------------------------
     0 | D:1      | LLlMATKO the Minotaur Berserker began the quest for the
                  | Orb.
     0 | D:1      | Reached XP level 1. HP: 19/19 MP: 0/0
   268 | D:1      | Reached XP level 2. HP: 27/27 MP: 1/1
   455 | D:1      | You fall into a shaft and drop 1 floor!
   470 | D:1      | Reached XP level 3. HP: 14/33 MP: 2/2
   674 | D:1      | Found a faded altar of an unknown god.
   936 | D:1      | You fall into a shaft and drop 1 floor!
  1426 | D:1      | Found a faded altar of an unknown god.
  1731 | D:2      | Noticed Sigmund
  1760 | D:2      | Killed Sigmund
  1761 | D:2      | Reached XP level 4. HP: 22/41 MP: 3/3
  1761 | D:2      | Reached XP level 5. HP: 25/47 MP: 4/4
  2116 | D:2      | Reached skill level 5 in Fighting
  2281 | D:2      | Reached skill level 5 in Axes
  2304 | D:2      | Noticed Jessica
  2309 | D:2      | Killed Jessica
  2356 | D:2      | Reached ** piety under Trog
  3824 | D:3      | Reached XP level 6. HP: 55/56 MP: 5/5
  4235 | D:3      | Found Maowkie's Antique Armour Boutique.
  4513 | D:3      | You fall into a shaft and drop 3 floors!
  4625 | D:6      | Noticed a water moccasin
  4633 | D:6      | Killed a water moccasin
  4930 | D:6      | Reached XP level 7. HP: 56/62 MP: 6/6
  4985 | D:6      | Reached skill level 5 in Armour
  5573 | D:5      | Entered Level 5 of the Dungeon
  5643 | D:5      | Reached skill level 5 in Dodging
  6421 | D:3      | Found Maowkie's Antique Armour Boutique.
  7128 | D:4      | Found a staircase to the Ecumenical Temple.
  7140 | D:4      | Found a white marble altar of Elyvilon.
  7589 | D:4      | Found a staircase to the Ecumenical Temple.
  7622 | D:4      | Found a white marble altar of Elyvilon.
  8194 | D:5      | Reached XP level 8. HP: 71/71 MP: 7/7
  8243 | D:5      | Reached *** piety under Trog
  8587 | D:5      | Found a sacrificial altar of Ru.
  8587 | D:5      | Found a snail-covered altar of Cheibriados.
  9263 | D:5      | Found a snail-covered altar of Cheibriados.
  9272 | D:5      | Found a sacrificial altar of Ru.
 10845 | D:6      | Reached XP level 9. HP: 77/81 MP: 8/8
 12287 | D:7      | Noticed a two-headed ogre
 12291 | D:7      | Noticed a two-headed ogre
 12294 | D:7      | Killed a two-headed ogre
 12299 | D:7      | Noticed a two-headed ogre
 12300 | D:7      | Killed a two-headed ogre
 12303 | D:7      | Killed a two-headed ogre
 12304 | D:7      | Reached XP level 10. HP: 77/91 MP: 9/9
 12336 | D:7      | Identified the +11 great sword of Gozag's Wrath {vorpal,
                  | Dex+3 Stlth+}
 12346 | D:7      | Identified the +3 great mace of Causality {vorpal, rC+ MP+9
                  | Int+2 Stlth+}
 12346 | D:7      | Found the +18 shield of the Gong {rElec rN+ Will+ EV-5}
 12354 | D:7      | Noticed Menkaure
 12362 | D:7      | Killed Menkaure
 12677 | D:7      | Noticed a deep elf pyromancer
 12688 | D:7      | Killed a deep elf pyromancer
 12689 | D:7      | Reached skill level 10 in Fighting
 12689 | D:7      | Reached skill level 10 in Axes
 12757 | D:7      | Found Oggo's General Store.
 12760 | D:7      | Bought a +0 buckler for 67 gold pieces
 12954 | D:7      | Reached **** piety under Trog
 12998 | D:7      | Reached skill level 1 in Shields
 13543 | D:7      | Found the +7 pair of quick blades "Gyre" and "Gimble"
                  | {protect}
 13729 | D:7      | Found Oggo's General Store.
 14557 | D:8      | Found a transporter.
 14560 | D:8      | Found a transporter.
 14561 | D:8      | Noticed PanSaczeczos's ghost (novice MiAM)
 14591 | D:8      | Noticed Pikel
 14602 | D:8      | Killed Pikel
 14603 | D:8      | Reached skill level 10 in Armour
 14612 | D:8      | Noticed a two-headed ogre
 14631 | D:8      | Killed a two-headed ogre
 14649 | D:8      | Found a flagged portal.
 14662 | Bailey   | Entered a bailey
 14662 | Bailey   | Noticed an orc knight
 14662 | Bailey   | Noticed an orc knight
 14662 | Bailey   | Noticed an orc knight
 14663 | Bailey   | Noticed an orc knight
 14673 | Bailey   | Reached XP level 11. HP: 36/101 MP: 10/10
 14676 | Bailey   | Killed an orc knight
 14684 | Bailey   | Noticed an orc knight
 14685 | Bailey   | Killed an orc knight
 14695 | Bailey   | HP: 1/101 [orc warrior (14)]
 14695 | Bailey   | Mangled by an orc

Illustrated notes

Levels and vault maps discovered:
D:1:      lemuel_arrival_broad_hall, layout_basic, basic_ecumenical_altar,
          chequers_arboretum, kennysheep_decorative_pillar,
          corexii_corridor_pit, grunt_decor_mini_mirrors
D:2:      layout_basic, uniq_jessica, uniq_sigmund
D:3:      layout_loops_corners, serial_shops, nicolae_square_shop,
          chequers_big_river
D:4:      minmay_clustersquares, layout_cave_pools, elyvilon_altar_4,
          minmay_temple_entry_purple_smoke, minmay_statues_item
D:5:      layout_layer_cave, grunt_temple_overflow_open, serial_undead,
          serial_undead_f, serial_undead_a, serial_undead_d, serial_undead_c
D:6:      layout_basic
D:7:      minmay_the_grid_triangle_9x9_rhombus_thin
          [minmay_the_grid_triangle_9x9_minimal,
          minmay_the_grid_triangle_9x9_prize_center,
          minmay_the_grid_triangle_9x9_from_above,
          minmay_the_grid_triangle_9x9_impossible_snake], layout_loops_corners,
          serial_shops, kennysheep_mini, minivault_14, supply_closet_lemuel,
          uniq_menkaure
D:8:      layout_loops_ring, led_sif_book, gammafunk_ghost_hive, enter_bailey_2,
          uniq_pikel
Bailey:   bailey_polearm_4, bailey

Skill      XL: |  1  2  3  4  5  6  7  8  9 10 |
---------------+-------------------------------+-----
Fighting       | 4 5 6 7 9 10 | 10.7
Axes           | 4 5 6 7 9 10 | 10.7
Armour         | 3 4 6 7 9 10 | 10.4
Dodging        | 3 4 5 6 8 9 |  9.6
Shields        | 3 |  3.9

Action                   |  1- 3 |  4- 6 |  7- 9 | 10-12 || total
-------------------------+-------+-------+-------+-------++-------
Melee: Hand axe          |    60 |    12 |       |       ||    72
       Headbutt          |    10 |    13 |    51 |    37 ||   111
       War axe           |       |    72 |   246 |   147 ||   465
Throw: Stone             |       |     8 |     3 |     1 ||    12
Invok: Berserk           |     1 |     3 |     7 |     5 ||    16
  Use: Scroll            |       |       |       |     5 ||     5
Armor: Animal skin       |    10 |       |       |       ||    10
       Ring mail         |    16 |     6 |       |       ||    22
       Chain mail        |       |    31 |    81 |    15 ||   127
Dodge: Dodged            |    44 |    33 |   213 |    69 ||   359
Block: Other             |       |       |    43 |     6 ||    49
       Reflection        |       |       |     2 |    15 ||    17
       Kite shield       |       |       |       |   109 ||   109
       Buckler           |       |       |       |    19 ||    19
